 Dungeon Crawl Stone Soup version 0.28-a0-938-gbc3f381ebc (webtiles) character file.

Game seed: 6647192057236311691

94 croobank the Ducker (level 4, -7/41 HPs)
             Began as a Gnoll Monk on Nov 30, 2021.
             Was a Believer of the Shining One.
             Mangled by an orc warrior (14 damage)
             ... on level 3 of the Dungeon.
             The game lasted 00:12:59 (2147 turns).

croobank the Ducker (Gnoll Monk)                    Turns: 2147, Time: 00:13:00

Health: -7/41      AC:  2    Str: 11    XL:     4   Next: 63%
Magic:  5/5        EV: 18    Int: 10    God:    the Shining One [**....]
Gold:   67         SH:  0    Dex: 26    Spells: 5/5 levels left

rFire   . . .      SeeInvis .   t - +0 war axe
rCold   . . .      Faith    .   (no shield)
rNeg    + . .      Spirit   .   b - +0 robe
rPois   .          Reflect  .   (no helmet)
rElec   .          Harm     .   (no cloak)
rCorr   .          Rampage  .   (no gloves)
Will    .....                   (no boots)
Stlth   ++........              (no amulet)
HPRegen 0.13/turn               k - +6 ring of dexterity
MPRegen 0.09/turn               s - +6 ring of dexterity

@: glowing
A: fangs 1, strong nose, distributed training
a: Renounce Religion, Divine Shield


You were on level 3 of the Dungeon.
You worshipped the Shining One.
The Shining One was pleased with you.
You visited 1 branch of the dungeon, and saw 3 of its levels.

You collected 171 gold pieces.
You spent 104 gold pieces at shops.

Inventory:

Hand Weapons
 a - a +0 hand axe
 m - a +2 dagger of venom
 t - a +0 war axe (weapon)
Missiles
 c - 19 arrows
 g - 118 stones (quivered)
 l - 22 sling bullets
 n - 8 javelins
Armour
 b - a +0 robe (worn)
 d - a +0 chain mail
 f - a +0 ring mail
Jewellery
 k - a +6 ring of dexterity (left hand)
 s - a +6 ring of dexterity (right hand)
Scrolls
 i - a scroll of blinking {unknown}
 j - a scroll of noise {unknown}
 q - a scroll of fear {unknown}
 u - a scroll of silence {unknown}
Potions
 e - 2 potions of curing
 o - a potion of heal wounds {unknown}
 p - a potion of berserk rage
 r - 2 potions of brilliance


   Skills:
 + Level 6.6 Fighting
 + Level 1.2 Short Blades
 + Level 1.2 Long Blades
 + Level 6.6 Axes
 + Level 1.2 Maces & Flails
 + Level 1.2 Polearms
 + Level 1.2 Staves
 + Level 1.2 Slings
 + Level 1.2 Bows
 + Level 1.2 Crossbows
 + Level 1.2 Throwing
 + Level 1.2 Armour
 + Level 6.6 Dodging
 + Level 4.3 Stealth
 + Level 1.2 Shields
 + Level 1.2 Unarmed Combat
 + Level 1.2 Spellcasting
 + Level 1.0 Conjurations
 + Level 1.0 Hexes
 + Level 1.0 Summonings
 + Level 1.0 Necromancy
 + Level 1.0 Translocations
 + Level 1.0 Transmutations
 + Level 1.0 Fire Magic
 + Level 1.0 Ice Magic
 + Level 1.0 Air Magic
 + Level 1.0 Earth Magic
 + Level 1.0 Poison Magic
 + Level 1.3 Invocations
 + Level 1.2 Evocations


You had 5 spell levels left.
You didn't know any spells.
Your spell library was empty.

Dungeon Overview and Level Annotations

Branches:
Dungeon (3/15)

Altars:
The Shining One

Shops:
D:2 [[:!*


Innate Abilities, Weirdness & Mutations

You have very sharp teeth.
Your uncanny sense of smell can sniff out nearby items.
Your experience applies equally to all skills.


Message History

The Shining One accepts your kill.
Your Conjurations skill increases to level 1!
Your Hexes skill increases to level 1!
Your Summonings skill increases to level 1!
Your Necromancy skill increases to level 1!
Your Translocations skill increases to level 1!
Your Transmutations skill increases to level 1!
Your Fire Magic skill increases to level 1!
Your Ice Magic skill increases to level 1!
Your Air Magic skill increases to level 1!
Your Earth Magic skill increases to level 1!
Your Poison Magic skill increases to level 1!
The orc hits you with a +0 club.
You see here a +0 mace.
You barely miss the orc. The orc hits you with a +0 club.
You hit the orc but do no damage. The orc hits you with a +0 club.
You hit the orc but do no damage. The orc closely misses you.
The orc barely misses you.
You hit the orc.
The orc is heavily wounded.
The orc closely misses you.
You slash the orc!
You kill the orc!
Things that are here:
a +0 club; a +0 leather armour Your library has no spells.
An orc warrior comes into view. It is wielding a +0 war axe.
The orc warrior shouts!
You hear a shout!
A goblin comes into view. It is wielding a +0 club.
The orc warrior hits you with a +0 war axe!
You closely miss the orc warrior.
The orc warrior hits you with a +0 war axe!
* * * LOW HITPOINT WARNING * * *
You fail to use your ability.
The orc warrior hits you with a +0 war axe.
* * * LOW HITPOINT WARNING * * *
An endoplasm comes into view.
The orc warrior throws a boomerang.
The boomerang misses you.
The orc warrior hits you with a +0 war axe!
You die...

#### .... ####..#####.. .....
####...........# .....
####.)..##.@.##### ......
#.)..#####o#.# ......
###)#####....#.######......
###...#####.###..............
##.............o.#.###........
....####...#######..#..##.....
∆ ....# #.### ##...## #######
#....# #.# ##...# .......
##.#....J# #.#.# .......


You could see an orc warrior.

Vanquished Creatures
  An orc priest (D:3)
  2 dart slugs
  3 orcs (D:3)
  5 bats
  5 endoplasms
  2 giant cockroaches (D:1)
  5 goblins
  4 hobgoblins
  4 jackals (D:1)
  8 kobolds
  A quokka (D:1)
  4 ball pythons
  2 frilled lizards
  7 rats
53 creatures vanquished.

Vanquished Creatures (others)
  2 plants (D:2)
2 creatures vanquished.

Grand Total: 55 creatures vanquished

Notes
Turn   | Place    | Note
-------+----------+-------------------------------------------
     0 | D:1      | croobank the Gnoll Monk began the quest for the Orb.
     0 | D:1      | Reached XP level 1. HP: 23/23 MP: 1/1
   144 | D:1      | Reached XP level 2. HP: 29/29 MP: 2/2
   487 | D:1      | Reached XP level 3. HP: 31/35 MP: 3/3
  1169 | D:2      | Reached skill level 1 in Invocations
  1360 | D:2      | Found Duetek's Distillery.
  1387 | D:2      | Bought a potion of curing for 39 gold pieces
  1387 | D:2      | Bought a potion of berserk rage for 65 gold pieces
  1496 | D:2      | Found Pebrua Vome's Armour Emporium.
  1533 | D:2      | Reached skill level 1 in Short Blades
  1533 | D:2      | Reached skill level 1 in Long Blades
  1533 | D:2      | Reached skill level 1 in Maces & Flails
  1533 | D:2      | Reached skill level 1 in Polearms
  1533 | D:2      | Reached skill level 1 in Staves
  1533 | D:2      | Reached skill level 1 in Slings
  1533 | D:2      | Reached skill level 1 in Bows
  1533 | D:2      | Reached skill level 1 in Crossbows
  1533 | D:2      | Reached skill level 1 in Throwing
  1533 | D:2      | Reached skill level 1 in Armour
  1533 | D:2      | Reached skill level 1 in Shields
  1533 | D:2      | Reached skill level 1 in Unarmed Combat
  1533 | D:2      | Reached skill level 1 in Spellcasting
  1533 | D:2      | Reached skill level 1 in Evocations
  1542 | D:2      | Found a faded altar of an unknown god.
  1551 | D:2      | Prayed at the altar of an unknown god.
  1551 | D:2      | Became a worshipper of the Shining One
  1551 | D:2      | Reached * piety under the Shining One
  1551 | D:2      | Reached ** piety under the Shining One
  1577 | D:2      | Found Iqyczeah's Book Shoppe.
  1661 | D:2      | Found Sypak's Assorted Antiques.
  1817 | D:2      | Found Variminnei's Armour Shoppe.
  2031 | D:3      | Reached XP level 4. HP: 36/41 MP: 5/5
  2101 | D:3      | Reached skill level 1 in Conjurations
  2101 | D:3      | Reached skill level 1 in Hexes
  2101 | D:3      | Reached skill level 1 in Summonings
  2101 | D:3      | Reached skill level 1 in Necromancy
  2101 | D:3      | Reached skill level 1 in Translocations
  2101 | D:3      | Reached skill level 1 in Transmutations
  2101 | D:3      | Reached skill level 1 in Fire Magic
  2101 | D:3      | Reached skill level 1 in Ice Magic
  2101 | D:3      | Reached skill level 1 in Air Magic
  2101 | D:3      | Reached skill level 1 in Earth Magic
  2101 | D:3      | Reached skill level 1 in Poison Magic
  2123 | D:3      | Noticed an orc warrior
  2147 | D:3      | Mangled by an orc warrior

Illustrated notes

Levels and vault maps discovered:
D:1:      eino_arrival_water_star, layout_basic, minmay_pentomino_r4
D:2:      layout_basic, serial_shops, nicolae_shop_window_shopping, shop,
          nicolae_shop_statue_plus, shop_statue, shop_statue,
          shapermc_ecumenical_altar_mp_ritualfount, nrook_mini_vaults,
          minmay_strange_pillars, ebering_dispersal_statue_hall,
          minmay_misc_feat_roman, hangedman_decor_clover_reticule
D:3:      layout_rooms

Skill      XL: |  1  2  3  4 |
---------------+-------------+-----
Invocations    | 1 |  1.3
Short Blades   | 1 |  1.2
Long Blades    | 1 |  1.2
Maces & Flails | 1 |  1.2
Polearms       | 1 |  1.2
Staves         | 1 |  1.2
Slings         | 1 |  1.2
Bows           | 1 |  1.2
Crossbows      | 1 |  1.2
Throwing       | 1 |  1.2
Armour         | 1 |  1.2
Shields        | 1 |  1.2
Unarmed Combat | 1 |  1.2
Spellcasting   | 1 |  1.2
Evocations     | 1 |  1.2
Conjurations   | 1 |  1.0
Hexes          | 1 |  1.0
Summonings     | 1 |  1.0
Necromancy     | 1 |  1.0
Translocations | 1 |  1.0
Transmutations | 1 |  1.0
Fire Magic     | 1 |  1.0
Ice Magic      | 1 |  1.0
Air Magic      | 1 |  1.0
Earth Magic    | 1 |  1.0
Poison Magic   | 1 |  1.0
Fighting       | |  6.6
Axes           | |  6.6
Dodging        | |  6.6
Stealth        | |  4.3

Action                   |  1- 3 |  4- 6 || total
-------------------------+-------+-------++-------
Melee: Hand axe          |   123 |       ||   123
       Bite              |    13 |     4 ||    17
       War axe           |     8 |    16 ||    24
  Use: Scroll            |     2 |     1 ||     3
 Stab: Sleeping          |     8 |       ||     8
Armor: Robe              |    26 |     1 ||    27
Dodge: Dodged            |   101 |    10 ||   111

Table legend: (Time is in decaauts)
 A = Elapsed time spent in this place.
 B = Non-inter-level travel time spent in this place.
 C = Inter-level travel time spent in this place.
 D = Time resting spent in this place.
 E = Time spent auto-exploring this place.
 F = Levels seen in this place.
 G = Mean time per level.
                   A        B        C        D        E       F      G
               +--------+--------+--------+--------+--------+-----+--------+
         Total |   2151 |   2068 |     83 |      0 |   1346 |   3 |  717.0 |
       Dungeon |   2151 |   2068 |     83 |      0 |   1346 |   3 |  717.0 |
               +--------+--------+--------+--------+--------+-----+--------+

Top non-repeatable levels by time:
     D:1: 1160 daAuts
     D:2: 866 daAuts
     D:3: 124 daAuts
